 Dungeon Crawl Stone Soup version 0.31-a0-1178-gc5c9b8f871 (webtiles) character file.

Game seed: 992691329928278180

217 qw the Shooter (level 5, -1/33 HPs)
             Began as a Gargoyle Hunter on Dec 11, 2023.
             Was an Initiate of Okawaru.
             Slain by a hound (4 damage)
             ... on level 4 of the Dungeon.
             The game lasted 00:01:08 (3101 turns).

qw the Shooter (Gargoyle Hunter)                    Turns: 3101, Time: 00:01:09

Health: -1/33      AC: 13    Str: 12 (14) XL:     5   Next: 94%
Magic:  5/5        EV: 10    Int:  7 (10) God:    Okawaru [......]
Gold:   72         SH:  0    Dex: 12 (15) Spells: 4/4 levels left

rFire   . . .        a - +1 shortbow
rCold   . . .        (shield currently unavailable)
rNeg    + + .        k - +1 ring mail {rN+}
rPois   inf          e - +2 helmet
rElec   +            (no cloak)
rCorr   +            (no gloves)
SInv    .            (no boots)
Will    .....        i - amulet of faith
Stlth   +            n - ring of resist corrosion
HPRegen 0.25/turn    (no ring)
MPRegen 0.09/turn

%: faith
@: no status effects
A: sickness immunity, AC +4, negative energy resistance 1, electricity
resistance, torment resistance 1, petrification resistance
a: Renounce Religion


You were on level 4 of the Dungeon.
You worshipped Okawaru.
Okawaru was noncommittal.
You visited 2 branches of the dungeon, and saw 6 of its levels.

You collected 122 gold pieces.
You spent 50 gold pieces at shops.


Innate Abilities, Weirdness & Mutations

You are immune to sickness and miasma.
Your stone body is resilient. (AC +4)
You are immune to poison.
You resist negative energy. (rN+)
You are resistant to electric shocks. (rElec)
You are resistant to unholy torment.
You are immune to petrification.


   Skills:
 - Level 4.0 Fighting
 + Level 6.0 Ranged Weapons
 - Level 1.0 Armour
 - Level 1.5 Dodging
 - Level 1.1 Stealth


You had 4 spell levels left.
You didn't know any spells.
Your spell library was empty.

Inventory:

Hand Weapons
 a - a +1 shortbow (weapon)
Armour
 e - a +2 helmet (worn)
 k - a +1 ring mail of positive energy (worn)
Jewellery
 i - an amulet of faith (around neck)
 n - a ring of resist corrosion (left hand)
Wands
 d - a wand of flame (7)
Scrolls
 b - a scroll of enchant armour
Potions
 c - a potion of enlightenment
 j - a potion of cancellation

Dungeon Overview and Level Annotations

Branches:
Dungeon (5/15)             Temple (1/1) D:4

Altars:
Cheibriados
Dithmenos
Elyvilon
Fedhas
Gozag
Hepliaklqana
Kikubaaqudgha
Makhleb
Nemelex Xobeh
Okawaru
Qazlal
Ru
Sif Muna
Trog
Uskayaw
Vehumet
Wu Jian
Yredelemnul
Zin
The Shining One

Shops:
D:2 !


Message History

You shoot an arrow. The arrow hits the black bear!
The black bear is heavily wounded.
The hound bites you but does no damage. The hound closely misses you.
The black bear bites you but does no damage.
The black bear closely misses you.
The black bear claws you but does no damage.
The orc barely misses you. The orc hits you with a +0 flail.
The hound closely misses you.
You shoot an arrow. The arrow hits the black bear.
The black bear is severely wounded.
The hound barely misses you. The black bear closely misses you.
The black bear claws you but does no damage. x2
The hound closely misses you. The orc hits you but does no damage.
The orc barely misses you. The hound closely misses you.
You shoot an arrow. The arrow barely misses the black bear.
The hound bites you but does no damage. x2
The black bear bites you but does no damage.
The black bear barely misses you.
The black bear claws you but does no damage.
The orc hits you but does no damage. x2; The hound bites you.
The hound bites you but does no damage. The orc barely misses you.
The black bear barely misses you.
The black bear claws you but does no damage.
The black bear barely misses you. The orc hits you with a +0 flail.
You shoot an arrow. The arrow barely misses the black bear.
The hound closely misses you. The hound bites you.
The hound bites you but does no damage. The hound closely misses you.
The black bear bites you but does no damage.
The black bear barely misses you. x2; The orc hits you with a +0 dagger.
The orc hits you with a +0 flail.
3100 ||| DRINKING brown potion.
It was a potion of curing.
You feel better. The hound completely misses you. The hound bites you.
The black bear bites you!
The black bear claws you but does no damage.
The black bear claws you. The orc hits you but does no damage. x2
3101 ||| DRINKING fuming coppery potion.
It was a potion of degeneration.
There was something very wrong with that liquid.
You feel weakened.
You feel dopey.
You feel clumsy. The hound bites you but does no damage. The hound bites you.
You die...

#.### #.#.# #.#......# ##.#
#...###.#.# #)#.####.# #..#####
........#.# #.#.#..#.#####.......
###.###...# #.#.#..#.##..'.......
###.# #...###.#.#..#....##.......
~##.# #.#.......#.....####.......
~##.###.#[..#......#.## #........
~##.##.........ohh.#.# #........
~##.##...#.#...#@h##.# #........
~##.##...#.###.#o###.####........
~##.##?..#.# #.#.#...#..'........
.'..##...#.# #.#.#%###.##........
~##.##...#.###.#.#.# #.##........
~#..##...#.....#.#.# #.##########
~#####...#######.#.# #.# ~# #...#
#.#.# #.# ~# #...# #.#.###.#


You could see a black bear, 2 hounds and 2 orcs.

Vanquished Creatures
  A hound (D:4)
  A sleepcap (D:4)
  2 iguanas
  4 adders
  A white imp (D:4)
  2 ufetubi (D:4)
  3 worms
  2 orcs (D:4)
  2 ball pythons
  4 endoplasms
  A giant cockroach (D:3)
  7 hobgoblins
  3 jackals (D:1)
  2 quokkas
  4 bats
  3 goblins
  5 kobolds
  5 rats
52 creatures vanquished.

Notes
Turn   | Place    | Note
-------+----------+-------------------------------------------
     0 | D:1      | qw the Gargoyle Hunter began the quest for the Orb.
     0 | D:1      | Reached XP level 1. HP: 12/12 MP: 1/1
     0 | D:1      | 0 ||| qw: Version: 0.3-a-106-g2cfff9e
     0 | D:1      | 0 ||| qw: Game counter: 2069
     0 | D:1      | 0 ||| qw: Melee chars always use a shield: true
     0 | D:1      | 0 ||| qw: God list: Okawaru
     0 | D:1      | 0 ||| qw: Allow faded altars: false
     0 | D:1      | 0 ||| qw: Do Orc after clearing Dungeon:15 true
     0 | D:1      | 0 ||| qw: Do second Lair branch before Depths: true
     0 | D:1      | 0 ||| qw: Lair rune preference: random
     0 | D:1      | 0 ||| qw: Goals: Normal, Save, Zot:1-4, Win
     0 | D:1      | 0 ||| PLANNING D:1-11
   147 | D:1      | Reached XP level 2. HP: 17/17 MP: 2/2
   155 | D:1      | HP: 4/17 [jackal (3)]
   442 | D:1      | 442 ||| UPGRADING to +0 ring mail.
   452 | D:1      | 452 ||| DROPPING +0 leather armour.
   453 | D:1      | 453 ||| READING scroll labelled PIYH KESTRALO.
   454 | D:1      | 454 ||| READING scroll labelled SAYZAPT SIUT ILO.
   454 | D:1      | 454 ||| IDENTIFYING metallic golden potion
   455 | D:1      | 455 ||| DROPPING scroll of butterflies.
   456 | D:1      | 456 ||| DROPPING potion of brilliance.
   547 | D:2      | Found Yfotocho's Distillery.
   559 | D:2      | 559 ||| SHOPLISTING potion of cancellation (80 gold, have
                  | 54).
   559 | D:2      | 559 ||| BUYING potion of enlightenment (50 gold).
   559 | D:2      | Bought a potion of enlightenment for 50 gold pieces
   559 | D:2      | 559 ||| SHOPLISTING potion of haste (100 gold, have 4).
   559 | D:2      | 559 ||| SHOPLISTING potion of mutation (80 gold, have 4).
   823 | D:2      | Reached skill level 1 in Armour
   827 | D:2      | Reached XP level 3. HP: 21/21 MP: 3/3
   969 | D:2      | Found a radiant altar of Vehumet.
  1151 | D:2      | Reached skill level 5 in Ranged Weapons
  1152 | D:2      | 1152 ||| UPGRADING to amulet of faith.
  1157 | D:2      | 1157 ||| READING scroll labelled JOIR KAQIARIRR.
  1171 | D:2      | 1171 ||| READING scroll labelled OCECOUV QESME.
  1272 | D:2      | 1272 ||| READING scroll labelled NAL GIAREFAI.
  1273 | D:2      | 1273 ||| READING scroll labelled DIUNAC ZYUME.
  1403 | D:3      | Found a faded altar of an unknown god.
  1683 | D:3      | Found a sacrificial altar of Ru.
  1694 | D:3      | HP: 5/22 [iguana (7)]
  1695 | D:3      | 1695 ||| DRINKING coppery potion.
  1699 | D:3      | Reached skill level 3 in Fighting
  1699 | D:3      | Reached XP level 4. HP: 8/28 MP: 4/4
  1961 | D:3      | Found a blossoming altar of Fedhas.
  1997 | D:3      | Found a glowing silver altar of Zin.
  2023 | D:3      | Found a hide-covered altar of Uskayaw.
  2102 | D:3      | 2102 ||| UPGRADING to +2 helmet.
  2107 | D:3      | 2107 ||| READING 2 scrolls of identify.
  2107 | D:3      | 2107 ||| IDENTIFYING scroll labelled AKOYDE AZAIGUSA
  2212 | D:4      | Found a staircase to the Ecumenical Temple.
  2213 | D:4      | 2213 ||| PLANNING TEMPLE
  2213 | D:4      | 2213 ||| UPGRADING to +1 ring mail of positive energy.
  2223 | D:4      | 2223 ||| DROPPING +0 ring mail.
  2224 | D:4      | 2224 ||| READING scroll of identify.
  2224 | D:4      | 2224 ||| IDENTIFYING smoky inky potion
  2225 | D:4      | 2225 ||| DRINKING 2 golden potions.
  2226 | D:4      | 2226 ||| DROPPING potion of lignification.
  2237 | Temple   | Entered the Ecumenical Temple
  2238 | Temple   | 2238 ||| PLANNING OKAWARU WORSHIP
  2247 | Temple   | Became a worshipper of Warmaster Okawaru
  2248 | Temple   | 2248 ||| PLANNING D:1-11
  2321 | D:4      | Reached XP level 5. HP: 24/32 MP: 5/5
  2730 | D:4      | Reached skill level 6 in Ranged Weapons
  2912 | D:4      | 2912 ||| DROPPING scarf of invisibility.
  2913 | D:4      | 2913 ||| UPGRADING to ring of resist corrosion.
  2914 | D:4      | 2914 ||| READING scroll labelled DUAREE SEQOOR.
  2915 | D:4      | 2915 ||| READING scroll labelled XYT GOMUGAITO.
  2915 | D:4      | 2915 ||| ENCHANTING +0 shortbow.
  2931 | D:5      | Entered Level 5 of the Dungeon
  2931 | D:5      | Found a burning altar of Makhleb.
  2932 | D:5      | 2932 ||| STAIRDANCE
  3038 | D:5      | 3038 ||| STAIRDANCE
  3055 | D:5      | 3055 ||| STAIRDANCE
  3055 | D:5      | Noticed a black bear
  3092 | D:5      | 3092 ||| STAIRDANCE
  3099 | D:4      | HP: 8/33 [orc/+0 flail (2)]
  3100 | D:4      | 3100 ||| DRINKING brown potion.
  3100 | D:4      | HP: 3/33 [black bear (4)]
  3101 | D:4      | 3101 ||| DRINKING fuming coppery potion.
  3101 | D:4      | Slain by a hound

Levels and vault maps discovered:
D:1:      minmay_arrival_semitransparent, layout_basic, minmay_misc_feat_roman
D:2:      layout_basic, serial_shops, shop, basic_altar, kennysheep_path_1
D:3:      layout_basic, zin_statuary, mainiacjoe_overflow_swirl,
          mainiacjoe_overflow_alcove_1, shapermc_ecumenical_altar_gd
D:4:      layout_basic, minmay_temple_entry_poolview, kennysheep_generic_room_16
D:5:      layout_rooms, bloody_makhleb
Temple:   nicolae_temple_great_sept

Skill      XL: |  1  2  3  4  5 |
---------------+----------------+-----
Armour         | 1 |  1.0
Ranged Weapons | 5 6 |  6.0
Fighting       | 3 4 |  4.0
Dodging        | |  1.5
Stealth        | |  1.1

Action                     |  1- 3 |  4- 6 || total
---------------------------+-------+-------++-------
   Fire: Shortbow          |   106 |   106 ||   212
    Use: Scroll            |     6 |     4 ||    10
         Potion            |     1 |     3 ||     4
 Armour: Leather armour    |    16 |       ||    16
         Ring mail         |    12 |   118 ||   130
  Dodge: Dodged            |    33 |    88 ||   121

Table legend:
 A = Non-vault XP
 B = Vault XP
 C = Vault XP percentage of total XP
 D = Non-vault monster count
 E = Vault monster count
 F = Vault count percentage of total count
                 A         B        C        D         E       F
            +---------+---------+-------+---------+---------+-------
      Total |     296 |      14 |   4.5 |      51 |       1 |   1.9
            +---------+---------+-------+---------+---------+-------
        D:1 |      22 |       0 |   0.0 |      13 |       0 |   0.0
        D:2 |      32 |       0 |   0.0 |      11 |       0 |   0.0
        D:3 |      51 |       0 |   0.0 |       8 |       0 |   0.0
        D:4 |     191 |      14 |   6.8 |      19 |       1 |   5.0
            +---------+---------+-------+---------+---------+-------
